 Dungeon Crawl Stone Soup version 0.30-a0-857-gcaf70739d4 (webtiles) character file.

Game seed: 5880637328739506832

10228 BubbleThief the Fighter (level 11, -2/118 HPs)
             Began as a Naga Cinder Acolyte on Mar 6, 2023.
             Was a Believer of Ignis.
             Slain by a two-headed ogre
             ... wielding a +0 giant club
              (18 damage)
             ... on level 11 of the Dungeon.
             The game lasted 00:21:04 (11406 turns).

BubbleThief the Fighter (Naga Cinder Acolyte)      Turns: 11406, Time: 00:21:05

Health: -2/118     AC: 14    Str: 21    XL:     11   Next: 58%
Magic:  7/12       EV:  9    Int: 15    God:    Ignis [**....]
Gold:   433        SH:  5    Dex:  6    Spells: 10/12 levels left

rFire   + . .      SeeInvis +    C - +2 whip (elec)
rCold   . . .      Faith    .    (no shield)
rNeg    . . .      Spirit   .    N - +0 troll leather armour
rPois   +          Reflect  +    H - +0 helmet
rElec   .          Rampage  .    (no cloak)
rCorr   +                        j - +0 pair of gloves
Will    +....                    (no barding)
Stlth   +                        y - amulet of reflection
HPRegen 1.19/turn                z - ring of resist corrosion
MPRegen 0.13/turn                (no ring)

@: short of breath, fiery-armoured, very slow
A: AC +3, large, see invisible, deformed body, poison resistance, slowness 2,
spit poison 1, naga tail 1
a: Spit Poison, Renounce Religion, Fiery Armour, Foxfire Swarm, Rising Flame


You were on level 11 of the Dungeon.
You worshipped Ignis.
Ignis was pleased with you.
You visited 1 branch of the dungeon, and saw 11 of its levels.

You collected 584 gold pieces.
You spent 151 gold pieces at shops.

Inventory:

Hand Weapons
 a - a -1 mace of flaming
 b - a +0 morningstar
 r - a +1 whip of venom
 C - a +2 whip of electrocution (weapon)
Armour
 d - a +0 leather armour of positive energy
 j - a +0 pair of gloves (worn)
 B - +0 steam dragon scales
 H - a +0 helmet (worn)
 N - a +0 troll leather armour (worn)
Magical Staves
 M - a staff of fire
Jewellery
 y - an amulet of reflection (around neck)
 z - a ring of resist corrosion (left hand)
 E - a ring of fire
 I - a +6 ring of dexterity
 Q - the ring "Jiteazae" {*Corrode Fly rC+ Int+3}
   (You found it on level 9 of the Dungeon)

   [ring of protection from cold]

   Int:       It affects your intelligence (+3).
   rC:        It protects you from cold.
   Fly:       It grants you flight.
   *Corrode:  It may corrode you when you take damage.
Wands
 t - a wand of light (1)
 w - a wand of mindburst (13)
 D - a wand of flame (24)
 F - a wand of charming (10)
 J - a wand of polymorph (13)
 R - a wand of iceblast (1)
Scrolls
 c - 4 scrolls of identify {unknown}
 h - a scroll of immolation {unknown}
 k - a scroll of enchant armour {unknown}
 l - a scroll of fear {unknown}
 n - 2 scrolls of noise {unknown}
 o - 4 scrolls of blinking {unknown}
 p - 3 scrolls of vulnerability {unknown}
 q - a scroll of magic mapping {unknown}
 s - 2 scrolls of enchant weapon {unknown}
 u - 4 scrolls of fog {unknown}
 x - 3 scrolls of teleportation {unknown}
 S - a scroll of brand weapon {unknown}
Potions
 e - a potion of might {unknown}
 f - 3 potions of lignification {unknown}
 g - 5 potions of mutation {unknown}
 i - 2 potions of cancellation {unknown}
 m - 2 potions of brilliance {unknown}
 v - 2 potions of flight {unknown}
 A - a potion of resistance
 G - 11 potions of degeneration
 K - a potion of attraction {unknown}
 L - 2 potions of haste
 O - 2 potions of curing
 P - 3 potions of ambrosia


   Skills:
 + Level 13.9 Fighting
 - Level 12.0 Maces & Flails
 - Level 1.0 Spellcasting
 - Level 3.0 Fire Magic


You had 10 spell levels left.
You knew the following spells:

 Your Spells              Type           Power      Damage    Failure   Level
a - Scorch                Fire           18%        2d5       12%         2

Your spell library contained the following spells:

 Spells                   Type           Power      Damage    Failure   Level
 Apportation              Tloc           0%         N/A       28%         1
 Beastly Appendage        Tmut           0%         N/A       28%         1
 Magic Dart               Conj           0%         1d3       28%         1
 Necrotise                Necr           0%         1d4       28%         1
 Sandblast                Erth           0%         2d4       28%         1
 Summon Small Mammal      Summ           0%         N/A       28%         1
 Call Imp                 Summ           0%         N/A       38%         2
 Passwall                 Tmut/Erth      0%         N/A       38%         2
 Wereblood                Tmut           0%         N/A       38%         2
 Dazzling Flash           Conj/Hex       0%         N/A       63%         3
 Mephitic Cloud           Conj/Pois/Air  0%         N/A       63%         3
 Spider Form              Tmut/Pois      0%         N/A       63%         3
 Stone Arrow              Conj/Erth      0%         3d7       63%         3
 Agony                    Necr           0%         N/A       100%        5
 Silence                  Hex/Air        0%         N/A       100%        5


Dungeon Overview and Level Annotations

Branches:
Dungeon (11/15)            Temple (0/1) D:7             Orc (0/2) D:10
   Lair: D:8-11

Altars:
Ashenzari
Fedhas
Qazlal
Ru
Trog
Uskayaw

Shops:
D:4 *   D:10 :

Annotations:
D:4 1 runed translucent door, Demosthentine's ghost, amateur DsGl


Innate Abilities, Weirdness & Mutations

Your serpentine skin is tough. (AC +3)
You have supernaturally acute eyesight. (SInv)
Armour fits poorly on your strangely shaped body.
Your system is resistant to poisons. (rPois)
You cover ground very slowly.
You can spit poison.
You have a snake-like lower body.


Message History

The ogre mage looks more healthy.
The ogre mage hits you but does no damage.
Aiming: Spit Poison (1% risk of failure)
Press: ? - help, Shift-Dir - straight line, f - ogre mage
Aim: an ogre mage, wielding a +0 spear, wearing a +0 robe and wearing the ring "Alous" {Fly Will- rCorr Stlth+} (heavily wounded, slightly transparent, 78% to hit)
The splash of poison hits the ogre mage.
The ogre mage is severely wounded.
Aiming: Iceblast
Press: ? - help, Shift-Dir - straight line, f/p - ogre mage
Aim: an ogre mage, wielding a +0 spear, wearing a +0 robe and wearing the ring "Alous" {Fly Will- rCorr Stlth+} (severely wounded, slightly transparent)
The mass of ice explodes!
The iceblast engulfs the ogre mage.
The ogre mage is severely wounded.
The iceblast engulfs the two-headed ogre!
The two-headed ogre is moderately wounded.
You hear a shout!
The ogre mage hits you from afar with a +0 spear!
* * * LOW HITPOINT WARNING * * *
Unknown command.
Unknown command.
Aiming: Bolt of Light
Press: ? - help, Shift-Dir - straight line, f/p - ogre mage
Aim: an ogre mage, wielding a +0 spear, wearing a +0 robe and wearing the ring "Alous" {Fly Will- rCorr Stlth+} (severely wounded, slightly transparent, 83% to hit)
The bolt of light hits the two-headed ogre!
The two-headed ogre is heavily wounded.
The two-headed ogre is blinded.
The bolt of light hits the ogre mage!
The ogre mage is almost dead.
The ogre mage is blinded.
The two-headed ogre closely misses you. The two-headed ogre barely misses you.
You block the ogre mage's attack.
Unknown command.
Unknown command.
Aiming: Iceblast
Press: ? - help, Shift-Dir - straight line, p - ogre mage The mass of ice explodes!
The iceblast engulfs the two-headed ogre!
The two-headed ogre is heavily wounded.
The iceblast engulfs the ogre mage!
You kill the ogre mage!
You block the two-headed ogre's attack.
The two-headed ogre hits you with a +0 giant club!!
You die...

## #.# #.###
#...########
#.#........##
#......@O)..####
#....#####.....#
###..###..Ov......#
#....#......####....
#...##...... ...
#...#...###. ..
#.).#...# o. .
#.).#...#.[.
#..)#......p


You could see a two-headed ogre (blind).

Vanquished Creatures
  An ogre mage (D:11)
  3 two-headed ogres
  An ugly thing (D:8)
  A cyclops (D:11)
  Psyche (D:8)
  A kobold demonologist (D:9)
  A troll (D:9)
  A queen bee (D:9)
  A hornet (D:10)
  A tarantella (shapeshifter) (D:9)
  A shadow (D:10)
  Eustachio (D:5)
  A wyvern (D:10)
  7 yaks (D:10)
  3 steam dragons
  2 water moccasins
  5 orc warriors
  A swamp drake (D:10)
  5 ice beasts
  A black bear (D:5)
  An ogre (D:5)
  A centaur (D:9)
  3 phantoms
  2 kobold brigands
  5 bullfrogs
  4 scorpions
  21 killer bees
  6 howler monkeys
  A jelly (D:6)
  4 hounds
  A gnoll bouda (D:5)
  5 orc priests
  A sleepcap (D:7)
  3 iguanas
  11 orc wizards
  5 gnolls
  8 adders
  2 white imps (D:7)
  3 ufetubi
  A dart slug (D:2)
  48 orcs
  3 bats
  6 endoplasms
  4 giant cockroaches
  10 goblins
  15 hobgoblins
  6 jackals
  18 kobolds
  2 quokkas
  8 ball pythons
  9 frilled lizards
  8 rats
264 creatures vanquished.

Vanquished Creatures (others)
  3 orcs (D:6)
  38 foxfires
  A plant (D:4)
42 creatures vanquished.

Grand Total: 306 creatures vanquished

Notes
Turn   | Place    | Note
-------+----------+-------------------------------------------
     0 | D:1      | BubbleThief the Naga Cinder Acolyte began the quest for the
                  | Orb.
     0 | D:1      | Reached XP level 1. HP: 21/21 MP: 2/2
    87 | D:1      | Reached XP level 2. HP: 28/28 MP: 3/3
   363 | D:1      | Found a faded altar of an unknown god.
   369 | D:1      | Reached XP level 3. HP: 23/34 MP: 4/4
   540 | D:1      | Learned a level 2 spell: Scorch
  1155 | D:1      | Reached XP level 4. HP: 29/43 MP: 5/5
  2004 | D:3      | Reached skill level 4 in Fighting
  2004 | D:3      | Reached skill level 5 in Maces & Flails
  2004 | D:3      | Reached XP level 5. HP: 19/50 MP: 1/6
  2007 | D:3      | HP: 2/50 [orc priest/+0 hand axe (2)]
  2484 | D:3      | Found a stormy altar of Qazlal.
  2522 | D:3      | Reached XP level 6. HP: 55/58 MP: 4/7
  2810 | D:4      | Found a blossoming altar of Fedhas.
  3058 | D:4      | Found a runed translucent door.
  3076 | D:4      | Noticed Demosthentine's ghost (amateur DsGl)
  3096 | D:4      | Noticed a two-headed ogre
  3104 | D:4      | Killed a two-headed ogre
  3105 | D:4      | Reached skill level 5 in Fighting
  3105 | D:4      | Reached XP level 7. HP: 22/68 MP: 8/8
  3105 | D:4      | Reached XP level 8. HP: 25/76 MP: 9/9
  3264 | D:4      | Found a sacrificial altar of Ru.
  3281 | D:4      | Reached skill level 6 in Fighting
  3516 | D:4      | Identified the +0 pair of boots of Duty {rF- rC+ Will+}
  3542 | D:4      | Found Ezeunymu's Gadget Gallery.
  3551 | D:4      | Bought a wand of light (3) for 151 gold pieces
  3978 | D:5      | Entered Level 5 of the Dungeon
  4010 | D:5      | Noticed Eustachio
  4341 | D:5      | Killed Eustachio
  4633 | D:5      | Reached skill level 7 in Fighting
  4729 | D:5      | Reached XP level 9. HP: 75/86 MP: 5/10
  4884 | D:5      | Reached skill level 10 in Maces & Flails
  6195 | D:6      | Reached skill level 8 in Fighting
  6305 | D:7      | Found a hide-covered altar of Uskayaw.
  6868 | D:7      | Found a staircase to the Ecumenical Temple.
  7647 | D:8      | Noticed Psyche
  7656 | D:8      | Killed Psyche
  7657 | D:8      | Reached XP level 10. HP: 79/98 MP: 6/11
  7854 | D:8      | Reached skill level 9 in Fighting
  8538 | D:8      | Noticed a red ugly thing
  8546 | D:8      | Killed a red ugly thing
  8547 | D:8      | Reached skill level 10 in Fighting
  8996 | D:9      | Noticed a two-headed ogre
  9003 | D:9      | Killed a two-headed ogre
  9123 | D:9      | Reached skill level 11 in Fighting
  9532 | D:9      | Found a bloodstained altar of Trog.
  9568 | D:9      | Noticed a kobold demonologist
  9577 | D:9      | Killed a kobold demonologist
  9707 | D:9      | Reached XP level 11. HP: 82/114 MP: 12/12
  9718 | D:9      | Reached skill level 12 in Fighting
  9955 | D:9      | Identified the ring "Jiteazae" {*Corrode Fly rC+ Int+3}
 10112 | D:10     | Entered Level 10 of the Dungeon
 10496 | D:10     | Found Repo's Vocational Training.
 10505 | D:10     | Noticed a two-headed ogre
 10522 | D:10     | HP: 1/116 [two-headed ogre/+0 giant spiked club (15)]
 10524 | D:10     | Killed a two-headed ogre
 10525 | D:10     | Reached skill level 13 in Fighting
 10742 | D:10     | Found a broken altar of Ashenzari.
 10958 | D:10     | Found a staircase to the Orcish Mines.
 11277 | D:11     | Noticed a cyclops
 11288 | D:11     | Killed a cyclops
 11383 | D:11     | Identified the ring "Alous" {Fly Will- rCorr Stlth+}
 11383 | D:11     | Noticed an ogre mage
 11383 | D:11     | Identified the +3 whip of Abuse {antimagic, Fragile rElec
                  | rPois Str-5}
 11383 | D:11     | Noticed a death knight
 11396 | D:11     | Noticed a two-headed ogre
 11406 | D:11     | Killed an ogre mage
 11406 | D:11     | Slain by a two-headed ogre

Illustrated notes

Levels and vault maps discovered:
D:1:      dpeg_arrival_stonehenge_8_columns, layout_basic,
          basic_ecumenical_altar, st_stairs_14, corexii_hall_statues_deadend,
          wander_ebering_terrifying_dragon_lair
D:2:      layout_basic
D:3:      layout_rooms, grunt_qazlal_clouds
D:4:      layout_basic, overflow_temple_1_default, old_standard_altar,
          ebering_ghost_reflecting_pool, corexii_shack, skrybe_limestone_x,
          nicolae_zen_rock_garden, palyth_stone_intersect, nicolae_shop_gadgets
D:5:      layout_loops_ring, uniq_eustachio
D:6:      layout_cave_pools
D:7:      layout_cave_pods, mainiacjoe_overflow_six_doors_small,
          minmay_temple_entry_proselytizer,
          nicolae_concentric_dashed_squares_mild
D:8:      layout_cave_pools, kennysheep_just_a_vault, uniq_psyche
D:9:      layout_irregular_city, mainiacjoe_overflow_small_starburst,
          small_chamber_with_monster, amethyst_killhole, minivault_21,
          minivault_7
D:10:     layout_roguey, lemuel_round_altar, erik_orc_1, nicolae_shop_vocational
D:11:     layout_irregular_city, due_lair_maze_entry_diamond, minmay_radiant,
          uniq_erolcha, uniq_josephine

Skill      XL: |  1  2  3  4  5  6  7  8  9 10 11 |
---------------+----------------------------------+-----
Maces & Flails | 4 5 7 9 11 12 | 12.0
Fighting       | 4 5 7 8 11 13 | 13.9
Spellcasting   | |  1.0
Fire Magic     | |  3.0

Action                     |  1- 3 |  4- 6 |  7- 9 | 10-12 || total
---------------------------+-------+-------+-------+-------++-------
  Melee: Mace              |     5 |       |     4 |       ||     9
         Whip              |    63 |    85 |   235 |   401 ||   784
         Punch             |       |       |       |     3 ||     3
   Cast: Scorch            |     6 |    21 |    61 |    27 ||   115
 Invoke: Foxfire Swarm     |       |     2 |       |     1 ||     3
         Fiery Armour      |       |     1 |       |     3 ||     4
Ability: Spit Poison       |    29 |    34 |    43 |    42 ||   148
  Evoke: Wand              |       |       |     2 |     4 ||     6
 Armour: Robe              |    17 |    20 |       |       ||    37
         Leather armour    |       |     1 |    53 |    19 ||    73
         Troll leather arm |       |       |       |    70 ||    70
  Dodge: Dodged            |    26 |    59 |    85 |   127 ||   297
  Block: Other             |       |       |    28 |    61 ||    89
         Reflection        |       |       |       |     1 ||     1

Table legend: (Time is in decaauts)
 A = Elapsed time spent in this place.
 B = Non-inter-level travel time spent in this place.
 C = Inter-level travel time spent in this place.
 D = Time resting spent in this place.
 E = Time spent auto-exploring this place.
 F = Levels seen in this place.
 G = Mean time per level.
                   A        B        C        D        E       F      G
               +--------+--------+--------+--------+--------+-----+--------+
         Total |  13400 |  13059 |    341 |   1035 |  10053 |  11 | 1218.2 |
       Dungeon |  13400 |  13059 |    341 |   1035 |  10053 |  11 | 1218.2 |
               +--------+--------+--------+--------+--------+-----+--------+

Top non-repeatable levels by time:
     D:4: 1732 daAuts
     D:9: 1552 daAuts
     D:7: 1551 daAuts
     D:1: 1464 daAuts
     D:8: 1365 daAuts
     D:5: 1286 daAuts
    D:10: 1283 daAuts
     D:6: 1101 daAuts
     D:2: 1043 daAuts
     D:3: 880 daAuts
    D:11: 140 daAuts
